 Dungeon Crawl Stone Soup version 0.20.0-14-g326068f (webtiles) character file.

30 miragecloak the Changer (level 3, -5/23 HPs)
             Began as an Octopode Transmuter on June 8, 2017.
             Killed by nerve-wracking pain
             ... invoked by Jessica
              (6 damage)
             ... on level 2 of the Dungeon.
             The game lasted 00:00:58 (1438 turns).

miragecloak the Changer (Octopode Transmuter)       Turns: 1438, Time: 00:00:59

Health: -5/23      AC:  2    Str:  9    XL:     3   Next: 20%
Magic:  0/6        EV: 20    Int: 15    God:
Gold:   52         SH:  0    Dex: 18    Spells: 2/6 levels left

rFire    . . .     SeeInvis .     - Unarmed
rCold    . . .     Gourm    .   (shield currently unavailable)
rNeg     . . .     Faith    .   (helmet currently unavailable)
rPois    x         Spirit   .   (no amulet)
rElec    .         Reflect  .   (no ring)
rCorr    .         Harm     .   (no ring)
MR       .....                  (no ring)
Stlth    ++........             (no ring)
Regen    0.1/turn               (no ring)
MPRegen  0.1/turn               (no ring)
                                (no ring)
                                (no ring)

@: spider-form, very slightly contaminated
A: almost no armour, stealthy swim, (amphibious), 8 rings, (constrict 8)
a: End Transformation


You were on level 2 of the Dungeon.
You were very hungry.
You were a venomous arachnid creature.
You visited 1 branch of the dungeon, and saw 2 of its levels.

You collected 52 gold pieces.

Inventory:

Missiles
 a - 12 arrows
Armour
 g - a +0 buckler
Jewellery
 h - a cursed +6 ring of protection {unknown}
Scrolls
 d - a scroll of recharging {unknown}
 e - a scroll of identify {unknown}
 i - 2 scrolls of fog {unknown}
Potions
 f - a potion of heal wounds {unknown}
 j - a potion of ambrosia {unknown}
Books
 b - a book of Changes

   Spells                             Type                      Level
   a - Beastly Appendage              Transmutation                1
   b - Sticks to Snakes               Transmutation                2
   c - Spider Form                    Transmutation/Poison         3
   d - Ice Form                       Ice/Transmutation            4
   e - Blade Hands                    Transmutation                5
Comestibles
 c - a bread ration


   Skills:
 - Level 1.0 Fighting
 - Level 2.0 Dodging
 - Level 3.0 Unarmed Combat
 - Level 2.0 Spellcasting
 + Level 3.3 Transmutations
 * Level 1.0 Poison Magic


You had 2 spell levels left.
You knew the following spells:

 Your Spells              Type           Power        Failure   Level  Hunger
a - Beastly Appendage     Tmut           ##....       16%         1    #......
b - Spider Form           Tmut/Pois      #.........   47%         3    ###....


Dungeon Overview and Level Annotations

Branches:
Dungeon (2/15)

Altars:

Annotations:
D:2 Jessica


Innate Abilities, Weirdness & Mutations

You cannot wear most types of armour.
You are very stealthy in the water. (Stealth+)
((You are amphibious.))
You can wear up to eight rings at the same time.
((You can use your tentacles to constrict eight enemies at once.))
((Your skin changes colour to match your surroundings (Stealth+).))
((Your rubbery body absorbs attacks. (AC +1, EV +1)))


Message History

You barely miss Jessica. Your grab misses Jessica.
Your tentacle spike misses Jessica.
Jessica is moderately wounded.
Your transformation is almost over.
Jessica points at you and mumbles some strange words.
Pain shoots through your body!
Ouch! That really hurt!
* * * LOW HITPOINT WARNING * * *
You closely miss Jessica. You grab Jessica. You squeeze Jessica.
Jessica is severely wounded.
You constrict Jessica. Jessica hits you but does no damage. Jessica misses you.
Casting: Spider Form
Confirm with . or Enter, or press ? or * to list all spells.
Your tentacle spike disappears.
You turn into a venomous arachnid creature.
You lose your grip on Jessica.
You are feeling very hungry.
Jessica casts a spell at you. Pain shoots through your body!
You die...

...............#.. .
.#.............. .. .
...............###.####.
#............. .......
#..........#.# ......
#.........#..#####.....
##......##.#.#((........
........@s.?)..#####....
.......s#....### ##.#.#
.#.##.###...## #<...# #.
#...# ###### # #...#
#.?..# #....# ..#### ##


You could see Jessica and a giant cockroach.

Vanquished Creatures
  3 dart slugs (D:1)
  2 bats (D:1)
  5 goblins (D:1)
  2 hobgoblins (D:1)
  2 frilled lizards (D:1)
  6 kobolds
  3 rats (D:1)
23 creatures vanquished.

Notes
Turn   | Place    | Note
-------+----------+-------------------------------------------
     0 | D:1      | miragecloak the Octopode Transmuter began the quest for the Orb.
     0 | D:1      | Reached XP level 1. HP: 13/13 MP: 3/3
    74 | D:1      | Reached XP level 2. HP: 17/18 MP: 3/5
   758 | D:1      | Reached XP level 3. HP: 15/23 MP: 4/6
   781 | D:1      | Learned a level 3 spell: Spider Form
  1422 | D:2      | Noticed Jessica
  1425 | D:2      | Reached skill level 1 in Poison Magic
  1436 | D:2      | HP: 1/23 [Jessica/nerve-wracking pain (12)]
  1438 | D:2      | Killed from afar by Jessica

Skill      XL: |  1  2  3 |
---------------+----------+-----
Transmutations | 3 |  3.3
Poison Magic   | 1 |  1.0
Fighting       | |  1.0
Dodging        | |  2.0
Unarmed Combat | |  3.0
Spellcasting   | |  2.0

Action                   || total
-------------------------++-------
Melee: Unarmed           ||    60
       Constrict         ||    18
       Kick              ||    10
       Tentacles         ||    10
       Punch             ||     1
 Cast: Beastly Appendage ||    14
       Spider Form       ||     1
  Eat: Chunk             ||     1
Armor: Skin              ||     6
Dodge: Dodged            ||    45
